 Dungeon Crawl Stone Soup version 0.28-a0-1395-g4f6bc678fa (webtiles) character file.

Game seed: 18124113961284154770

72 Deminshera the Sneak (level 4, -7/23 HPs)
             Began as a Vine Stalker Brigand on Jan 4, 2022.
             Was a Priest of Uskayaw.
             Mangled by a gnoll shaman (9 damage)
             ... on level 6 of the Dungeon.
             The game lasted 00:02:03 (2526 turns).

Deminshera the Sneak (Vine Stalker Brigand)         Turns: 2526, Time: 00:02:04

Health: -7/23      AC:  3    Str: 16    XL:     4   Next: 25%
Magic:  0/14       EV: 12    Int: 11    God:    Uskayaw [***...]
Gold:   132        SH:  0    Dex: 15    Spells: 3/3 levels left

rFire   . . .      SeeInvis .   a - +1 dagger (speed)
rCold   . . .      Faith    .   (no shield)
rNeg    . . .      Spirit   +   b - +0 robe
rPois   .          Reflect  .   (no helmet)
rElec   .          Harm     .   c - +0 cloak
rCorr   .          Rampage  .   (no gloves)
Will    .....                   (no boots)
Stlth   +++.......              (no amulet)
HPRegen 0.87/turn               g - ring of magical power
MPRegen 0.14/turn               (no ring)

@: no status effects
A: fangs 2, regeneration 1, magic shield, antimagic bite, no potion heal 2
a: Renounce Religion, Stomp, Line Pass


You were on level 6 of the Dungeon.
You worshipped Uskayaw.
Uskayaw was noncommittal.
You visited 1 branch of the dungeon, and saw 5 of its levels.

You collected 132 gold pieces.

Inventory:

Hand Weapons
 a - a +1 dagger of speed (weapon)
Missiles
 d - 8 poisoned darts (quivered)
 e - 2 curare-tipped darts
 m - 6 atropa-tipped darts
Armour
 b - a +0 robe (worn)
 c - a +0 cloak (worn)
Jewellery
 g - a ring of magical power (left hand)
 o - a ring of positive energy
Scrolls
 h - 3 scrolls of identify {unknown}
 i - a scroll of fog {unknown}
 l - a scroll of torment {unknown}
 n - a scroll of teleportation {unknown}
 p - a scroll of immolation {unknown}
Potions
 f - a potion of might {unknown}
 j - a potion of invisibility {unknown}
 k - a potion of heal wounds


   Skills:
 + Level 2.4 Fighting
 + Level 2.4 Short Blades
 - Level 2.0 Throwing
 + Level 1.5 Dodging
 + Level 5.4 Stealth


You had 3 spell levels left.
You didn't know any spells.
Your spell library contained the following spells:

 Spells                   Type           Power      Damage    Failure   Level
 Magic Dart               Conj           0%         1d3       34%         1
 Slow                     Hex            0%         N/A       34%         1
 Sting                    Tmut/Pois      0%         1d3       34%         1
 Summon Small Mammal      Summ           0%         N/A       34%         1
 Call Imp                 Summ           0%         N/A       47%         2
 Confusing Touch          Hex            0%         N/A       71%         3
 Ignite Poison            Fire/Tmut/Pois 0%         N/A       71%         3
 Mephitic Cloud           Conj/Pois/Air  0%         N/A       71%         3
 Vampiric Draining        Necr           0%         2d6       71%         3
 Yara's Violent Unravell  Hex/Tmut       0%         3d3       100%        5
 Dragon's Call            Summ           0%         N/A       100%        9


Dungeon Overview and Level Annotations

Branches:
Dungeon (6/15)
 Temple: D:4-7

Altars:
Cheibriados
Elyvilon
Hepliaklqana
Makhleb
Qazlal
Uskayaw


Innate Abilities, Weirdness & Mutations

You have extremely sharp teeth.
Your natural rate of healing is unusually fast.
When hurt, damage is shared between your health and your magic reserves.
Your bite disrupts and absorbs the magic of your enemies.
Potions cannot restore your health.


Message History

The gnoll shaman hits you with a +0 whip.
You hit the gnoll shaman but do no damage.
Your bite misses the gnoll shaman.
The gnoll shaman is moderately wounded.
The gnoll hits you from afar with a +2 spear of freezing.
The gnoll freezes you.
You barely miss the gnoll shaman.
The gnoll shaman is moderately wounded.
The gnoll shaman hits you with a +0 whip!
You are too injured to fight recklessly!
You are too injured to fight recklessly!
You are too injured to fight recklessly!
You are too injured to fight recklessly!
You are too injured to fight recklessly!
You are too injured to fight recklessly!
You are too injured to fight recklessly!
You are too injured to fight recklessly!
You are too injured to fight recklessly!
You are too injured to fight recklessly!
You are too injured to fight recklessly!
You are too injured to fight recklessly!
You are too injured to fight recklessly!
You are too injured to fight recklessly!
You are too injured to fight recklessly!
You hit the gnoll shaman. You bite the gnoll shaman. You drain its power.
You feel invigorated.
The gnoll shaman is moderately wounded.
The gnoll hits you from afar with a +2 spear of freezing!
* * * LOW HITPOINT WARNING * * *
The gnoll freezes you.
* * * LOW HITPOINT WARNING * * *
The gnoll shaman mumbles some strange prayers to its god against you.
You resist with some effort.
Uskayaw will force your foes to helplessly watch your dance.
Uskayaw prepares the audience for your solo!
It was a potion of heal wounds.
That seemed strangely inert.
The gnoll shaman is no longer paralysed.
The gnoll is no longer paralysed. x2; The gnoll completely misses you.
The gnoll shaman hits you with a +0 whip!
You die...

#.....# # ##.
###.### ### #..
#># #.. #.#
#####.# #.# #.#
#.....# #.# #g#
#.##### ##.# #g#
#.#.## #... #g#
#..#)#####... #@#
#.###.......# #.#
#..#.######.# #.#
#.#.#######.#
#.####.#..........
#.##...#.###......
#........# #.###.#
####.###.# #.# #.#
#.# #.# #.# #.#
#.###.###.###..


You could see a gnoll shaman and 2 gnolls.

Vanquished Creatures
  A gnoll (D:6)
  2 adders
  3 orcs (D:6)
  4 ball pythons
  2 endoplasms (D:1)
  4 giant cockroaches
  8 hobgoblins
  2 jackals (D:1)
  5 bats
  2 goblins (D:1)
  2 kobolds
  2 rats (D:2)
37 creatures vanquished.

Notes
Turn   | Place    | Note
-------+----------+-------------------------------------------
     0 | D:1      | Deminshera the Vine Stalker Brigand began the quest for the
                  | Orb.
     0 | D:1      | Reached XP level 1. HP: 11/11 MP: 2/2
   134 | D:1      | Found a faded altar of an unknown god.
   298 | D:1      | Reached skill level 1 in Dodging
   298 | D:1      | Reached XP level 2. HP: 15/15 MP: 3/3
   321 | D:1      | Reached skill level 5 in Stealth
   941 | D:1      | Reached XP level 3. HP: 11/18 MP: 4/4
  1660 | D:2      | Found a hide-covered altar of Uskayaw.
  1682 | D:2      | Became a worshipper of Uskayaw the Reveller
  1690 | D:2      | Got Jaunt's Guide on Calling and Moulding
  2003 | D:3      | Reached * piety under Uskayaw
  2009 | D:3      | Reached ** piety under Uskayaw
  2294 | D:3      | Found a hazy altar of Hepliaklqana.
  2294 | D:3      | Found a snail-covered altar of Cheibriados.
  2337 | D:3      | You fall into a shaft and drop 3 floors!
  2369 | D:6      | Gained mutation: Your natural rate of healing is unusually
                  | fast. [Vine Stalker growth]
  2369 | D:6      | Reached XP level 4. HP: 23/23 MP: 5/5
  2381 | D:6      | Reached *** piety under Uskayaw
  2428 | D:5      | Entered Level 5 of the Dungeon
  2428 | D:5      | Found a white marble altar of Elyvilon.
  2428 | D:5      | Found a burning altar of Makhleb.
  2431 | D:5      | Found a stormy altar of Qazlal.
  2526 | D:6      | Mangled by a gnoll shaman

Illustrated notes

Levels and vault maps discovered:
D:1:      minmay_arrival_shattered_statue, layout_rooms,
          hellmonk_ecumenical_altar_pennies_from_heaven
D:2:      layout_basic, basic_altar, chequers_serial_rivers_micro_a
D:3:      layout_basic, nemelex_diamond_rough_becter,
          gammafunk_temple_overflow_pools, minmay_joined_circles, uniq_sigmund,
          uniq_grinder
D:5:      layout_loops_corners, mainiacjoe_overflow_alcove_2,
          nicolae_overflow_hidden_temple, minmay_misc_feat_columns,
          minmay_mini_ossuary
D:6:      layout_loops_ring, lemuel_tele_altar, nicolae_underground_beach

Skill      XL: |  1  2 |
---------------+-------+-----
Dodging        | 1 |  1.5
Stealth        | 5 |  5.4
Fighting       | 2 |  2.4
Short Blades   | 2 |  2.4
Throwing       | 2 |  2.0

Action                   |  1- 3 |  4- 6 || total
-------------------------+-------+-------++-------
Melee: Dagger            |   106 |    22 ||   128
       Bite              |    26 |     9 ||    35
  Use: Potion            |       |     1 ||     1
 Stab: Sleeping          |     4 |       ||     4
       Paralysed         |       |     1 ||     1
Armor: Robe              |    28 |       ||    28
Dodge: Dodged            |    58 |     6 ||    64

Table legend: (Time is in decaauts)
 A = Elapsed time spent in this place.
 B = Non-inter-level travel time spent in this place.
 C = Inter-level travel time spent in this place.
 D = Time resting spent in this place.
 E = Time spent auto-exploring this place.
 F = Levels seen in this place.
 G = Mean time per level.
                   A        B        C        D        E       F      G
               +--------+--------+--------+--------+--------+-----+--------+
         Total |   2502 |   2352 |    150 |    689 |   1369 |   5 |  500.4 |
       Dungeon |   2502 |   2352 |    150 |    689 |   1369 |   5 |  500.4 |
               +--------+--------+--------+--------+--------+-----+--------+

Top non-repeatable levels by time:
     D:1: 1206 daAuts
     D:2: 713 daAuts
     D:3: 406 daAuts
     D:6: 154 daAuts
     D:5: 21 daAuts
